 Dungeon Crawl Stone Soup version 0.28.0-53-g5a82cb258f (webtiles) character file.

Game seed: 12771863649163584515

9 protoss039 the Digger (level 2, 20/20 HPs)
             Began as a Demonspawn Earth Elementalist on June 3, 2022.
             Got out of the dungeon alive.
             The game lasted 00:01:05 (853 turns).

protoss039 the Digger (DsEE)                         Turns: 853, Time: 00:01:05

Health: 20/20      AC:  2    Str:  8    XL:     2   Next: 3%
Magic:  5/5        EV: 12    Int: 16    God:
Gold:   30         SH:  0    Dex: 13    Spells: 4/5 levels left

rFire   . . .      SeeInvis .   g - +1 mace (protect)
rCold   . . .      Faith    .   (no shield)
rNeg    . . .      Spirit   .   b - +0 robe
rPois   .          Reflect  .   (no helmet)
rElec   .          Harm     .   (no cloak)
rCorr   .          Rampage  .   (no gloves)
Will    .....                   (no boots)
Stlth   ++........              (no amulet)
HPRegen 0.06/turn               (no ring)
MPRegen 0.09/turn               (no ring)

@: no status effects
A: weakness stinger 1
a: no special abilities


You escaped.
You visited 1 branch of the dungeon, and saw 1 of its levels.

You collected 30 gold pieces.

Inventory:

Hand Weapons
 g - a +1 mace of protection (weapon)
Missiles
 c - 36 stones
Armour
 b - a +0 robe (worn)
Scrolls
 a - a scroll of fear {unknown}
 e - a scroll of enchant weapon {unknown}
Potions
 d - a potion of mutation {unknown}
 f - a potion of lignification {unknown}


   Skills:
 * Level 0.9 Fighting
 + Level 0.3 Armour
 - Level 1.7 Dodging
 - Level 1.7 Stealth
 + Level 2.1 Spellcasting
 - Level 1.0 Transmutations
 + Level 2.8 Earth Magic


You had 4 spell levels left.
You knew the following spells:

 Your Spells              Type           Power      Damage    Failure   Level
a - Sandblast             Erth           20%        2d7       6%          1

Your spell library contained the following spells:

 Spells                   Type           Power      Damage    Failure   Level
 Passwall                 Tmut/Erth      5%         N/A       14%         2
 Stone Arrow              Conj/Erth      12%        3d7       34%         3
 Petrify                  Tmut/Erth      7%         N/A       67%         4


Dungeon Overview and Level Annotations

Branches:
Dungeon (1/15)

Altars:


Innate Abilities, Weirdness & Mutations

You have a small tail.


Message History

You enter the shallow water.
Moving in this stuff is going to be slow.
You enter the shallow water.
Moving in this stuff is going to be slow.
Found a hat.
You see here a +0 hat.
Found a stone staircase leading down.
There is a stone staircase leading down here.
A rat comes into view.
A rat is nearby!
A rat is nearby!
The rat bites you but does no damage.
You sock the rat!
Your weapon exudes an aura of protection.
You kill the rat!
You have reached level 2!
You feel monstrous as your demonic heritage exerts itself.
Your demonic ancestry asserts itself...
You grow a small tail.
No target in view!
Unknown command.
You now have 30 gold pieces (gained 15).
A frilled lizard comes into view.
Unknown command.
The frilled lizard hisses angrily.
The frilled lizard closely misses you.
You sock the frilled lizard!
Your weapon exudes an aura of protection.
You kill the frilled lizard!
No target in view!
Unknown command.
No target in view!
Unknown command.
As you open the door, it creaks loudly!
You can't go up here!
Unknown command.
There is an open door here.
There is a staircase leading out of the dungeon here.
Are you sure you want to leave the Dungeon?
This will make you lose the game!
You have escaped!

#..#..#.....####.# #..#
.#..#.......####'#### #..#
........#####PP#.#PP## ####..#
........# ##P≈≈#.#.PP###.....#
........###P≈≈≈#.#..PP##.....####
........##P≈≈≈≈#.#..PPP#.........
.....†..##P≈≈≈≈#.#..P.P#.........
....†....#######.#######.........
.........+......@......'.........
........########.#######.........
........##PP...#.#≈≈≈≈P#.........
........##PPP..#.#≈≈≈≈P#......###
..####### #PP.P#.#≈≈≈P##......# #
..... ##PP.#.#≈≈P######...# #
..... ##PP#.#PP## #...# # .....
####+#### #...# ..... #.#### #.


There were no monsters in sight!

Vanquished Creatures
  2 goblins (D:1)
  A hobgoblin (D:1)
  A quokka (D:1)
  2 ball pythons (D:1)
  A frilled lizard (D:1)
  3 rats (D:1)
10 creatures vanquished.

Notes
Turn   | Place    | Note
-------+----------+-------------------------------------------
     0 | D:1      | protoss039 the Demonspawn Earth Elementalist began the
                  | quest for the Orb.
     0 | D:1      | Reached XP level 1. HP: 13/13 MP: 3/3
   229 | D:1      | Reached skill level 1 in Transmutations
   809 | D:1      | Discovered your monstrous ancestry.
   809 | D:1      | Gained mutation: You have a small tail. [demonic ancestry]
   809 | D:1      | Reached XP level 2. HP: 20/20 MP: 5/5
   853 | D:$      | Got out of the dungeon alive.

Illustrated notes

Levels and vault maps discovered:
D:1:      psy_arrival_terrarium, layout_basic,
          hellmonk_ecumenical_altar_inner_sanctum, minmay_misc_feat_diagonals,
          chequers_serial_rivers_marsh

Skill      XL: |  1 |
---------------+----+-----
Transmutations | 1 |  1.0
Fighting       | |  0.9
Armour         | |  0.3
Dodging        | |  1.7
Stealth        | |  1.7
Spellcasting   | |  2.1
Earth Magic    | |  2.8

Action                   || total
-------------------------++-------
Melee: Dagger            ||    20
       Mace              ||     4
 Cast: Sandblast         ||     6
Armor: Robe              ||     6
Dodge: Dodged            ||    17
